 Dungeon Crawl Stone Soup version 0.24-b1 (webtiles) character file.

Game seed: 16192306382019978789, levelgen mode: deterministic

193651 Amnesiac the Sensei (level 17, 0/129 HPs)
             Began as a Vampire Monk on Oct 12, 2019.
             Was the Champion of Ru.
             Slain by an alligator snapping turtle (28 damage)
             ... on level 1 of the Shoals.
             The game lasted 01:33:35 (34605 turns).

Amnesiac the Sensei (Vampire Monk)                 Turns: 34605, Time: 01:33:35

Health: 0/129      AC:  0    Str:  9 (10) XL:     17   Next: 65%
Magic:  17/17      EV: 40    Int: 13 (14) God:    Ru [******]
Gold:   2018       SH:  0    Dex: 24 (25) Spells: 3/16 levels left

rFire    . . .     SeeInvis +     - Unarmed
rCold    + + .     Gourm    .   (shield currently unavailable)
rNeg     + + +     Faith    .   (armour currently unavailable)
rPois    ∞         Spirit   .   (helmet currently unavailable)
rElec    .         Reflect  .   (cloak currently unavailable)
rCorr    .         Harm     .   (gloves currently unavailable)
MR       +....                  (boots currently unavailable)
Stlth    ++++++++..             i - amulet of Vitality {Regen+ HP+15}
HPRegen  0.00/turn              (ring currently unavailable)
MPRegen  0.15/turn              (ring currently unavailable)

@: bat-form, flying, bloodless, regenerating quickly, very quick
A: tiny, no food, fangs 3, see invisible, clumsy 1, inability to use devices,
hated by all, no air magic, no hexes magic, no summoning magic, disrupted magic
1, inexperienced 1
}: 1/15 runes: serpentine
a: Revivify, End Transformation, Draw Out Power, Power Leap, Apocalypse,
Renounce Religion


You were on level 1 of the Shoals.
You worshipped Ru.
Ru was exalted by your worship.
You were bloodless.
You were in vampire-bat-form.
You visited 6 branches of the dungeon, and saw 29 of its levels.
You also visited: Bailey and Gauntlet.

You collected 3981 gold pieces.
You spent 1963 gold pieces at shops.

Inventory:

Hand Weapons
 j - the +11 dagger of Megalomania (melded) {drain, *Drain rF+ Str+7 Int+2}
   (You found it on level 8 of the Dungeon)

   A truly terrible weapon, it drains the life of those it strikes.
   It affects your strength (+7).
   It affects your intelligence (+2).
   It protects you from fire.
   It causes draining when unequipped.
 L - the cursed +1 hand axe "Transmigrator" {drain, *Rage *Drain Str+7, unknown}
   (You found it on level 2 of the Snake Pit)

   A truly terrible weapon, it drains the life of those it strikes.
   It affects your strength (+7).
   It may make you go berserk in combat.
   It causes draining when unequipped.
   It has a curse placed upon it.
Missiles
 E - a throwing net (quivered)
Armour
 g - a +1 hat
 h - a +0 cloak (melded)
 I - the +1 pair of gloves "Micw" (melded) {rElec rN++ rCorr Str-2}
   (You found it in a Gauntlet)

   It affects your strength (-2).
   It insulates you from electricity.
   It greatly protects you from negative energy.
   It provides partial protection from all sources of acid and corrosion.
 O - a +2 helmet of intelligence (melded)
 P - a +2 pair of boots (melded)
 R - the +3 robe of Clouds (melded) {+Thunder rCloud rElec}
   (You bought it in a shop on level 4 of the Snake Pit)

   It insulates you from electricity.
 S - a +0 shield of cold resistance (melded)
Jewellery
 a - the ring "Tiuvy" (melded) {+Blink rN+ Slay+5 SInv}
   (You acquired it on level 3 of the Lair of Beasts)

   [ring of slaying]

   It affects your accuracy and damage with ranged weapons and melee attacks
   (+5).
   It protects you from negative energy.
   It lets you see invisible.
   It lets you blink.
 i - the amulet of Vitality (around neck) {Regen+ HP+15}
   (You acquired it on level 7 of the Dungeon)

   [amulet of regeneration]

   It affects your health (+15).
   It increases your rate of regeneration.
 A - a +5 ring of protection (melded)
Scrolls
 b - 16 scrolls of remove curse
 c - 9 scrolls of identify
 m - 11 scrolls of teleportation
 n - a scroll of magic mapping
 o - 3 scrolls of fear
 t - a scroll of blinking
 w - 4 scrolls of silence
 y - a scroll of torment
 B - 2 scrolls of fog
 D - 4 scrolls of vulnerability
 G - a scroll of acquirement
Potions
 d - 11 potions of curing
 e - 2 potions of resistance
 f - 5 potions of magic
 k - 10 potions of heal wounds
 p - 4 potions of agility
 q - 2 potions of might
 r - 10 potions of flight
 s - 5 potions of mutation
 u - 3 potions of brilliance
 v - 3 potions of haste
 x - a potion of ambrosia {unknown}
 C - a potion of invisibility
 H - a potion of cancellation


   Skills:
 * Level 15.7 Fighting
 - Level 18.0 Dodging
 + Level 15.1 Stealth
 - Level 21.6 Unarmed Combat


You had 3 spell levels left.
You knew the following spells:

 Your Spells              Type           Power        Failure   Level  Hunger
a - Passwall              Tmut/Erth      #.......     52%         2    N/A
b - Swiftness             Chrm/Air       #.......     52%         2    N/A
c - Passage of Golubria   Tloc           N/A          98%         4    N/A
d - Blink                 Tloc           N/A          52%         2    N/A
e - Regeneration          Chrm/Necr      #.........   75%         3    N/A

Your spell library contained the following spells:

 Spells                   Type           Power        Failure   Level  Hunger
 Beastly Appendage        Tmut           #.....       38%         1    N/A
 Infusion                 Chrm           #...         38%         1    N/A
 Sandblast                Erth           #.....       38%         1    N/A
 Shroud of Golubria       Chrm/Tloc      #.....       52%         2    N/A
 Song of Slaying          Chrm           #.......     52%         2    N/A
 Gell's Gravitas          Tloc           #.........   75%         3    N/A
 Ignite Poison            Fire/Tmut/Pois #.......     75%         3    N/A
 Lesser Beckoning         Tloc           #.........   75%         3    N/A
 Spider Form              Tmut/Pois      #.........   75%         3    N/A
 Stone Arrow              Conj/Erth      #.....       75%         3    N/A
 Teleport Other           Tloc           #.......     75%         3    N/A
 Ice Form                 Ice/Tmut       #.......     98%         4    N/A
 Petrify                  Tmut/Erth      #.......     98%         4    N/A
 Blade Hands              Tmut           #.........   100%        5    N/A
 Bolt of Magma            Conj/Fire/Erth #.........   100%        5    N/A
 Lee's Rapid Deconstruct  Erth           #.........   100%        5    N/A
 Iron Shot                Conj/Erth      #.........   100%        6    N/A
 Poison Arrow             Conj/Pois      #.........   100%        6    N/A
 Statue Form              Tmut/Erth      #........    100%        6    N/A
 Lehudib's Crystal Spear  Conj/Erth      #.........   100%        8    N/A
 Fire Storm               Conj/Fire      #.........   100%        9    N/A
 Glaciate                 Conj/Ice       #.........   100%        9    N/A
 Shatter                  Erth           #.........   100%        9    N/A
 Corona                   Hex            Unusable     N/A         1    N/A
 Shock                    Conj/Air       Unusable     N/A         1    N/A
 Summon Small Mammal      Summ           Unusable     N/A         1    N/A
 Slow                     Hex            Unusable     N/A         2    N/A
 Sticks to Snakes         Tmut           Unusable     N/A         2    N/A
 Inner Flame              Hex/Fire       Unusable     N/A         3    N/A
 Portal Projectile        Hex/Tloc       Unusable     N/A         3    N/A
 Spectral Weapon          Hex/Chrm       Unusable     N/A         3    N/A
 Static Discharge         Conj/Air       Unusable     N/A         3    N/A
 Airstrike                Air            Unusable     N/A         4    N/A
 Cause Fear               Hex            Unusable     N/A         4    N/A
 Leda's Liquefaction      Hex/Erth       Unusable     N/A         4    N/A
 Summon Lightning Spire   Summ/Air       Unusable     N/A         4    N/A
 Lightning Bolt           Conj/Air       Unusable     N/A         5    N/A
 Darkness                 Hex            Unusable     N/A         6    N/A
 Invisibility             Hex            Unusable     N/A         6    N/A
 Chain Lightning          Conj/Air       Unusable     N/A         8    N/A

Dungeon Overview and Level Annotations

Branches:
Dungeon (15/15)            Temple (1/1) D:4            Lair (6/6) D:10
 Shoals (1/4) Lair:3        Snake (4/4) Lair:4        Slime (0/5) Lair:5
    Orc (2/2) D:10            Elf (0/3) Orc:2        Vaults (0/5) D:14
 Depths (0/5) D:15         Bailey (visited)         Gauntlet (visited)

Altars:
Ashenzari
Fedhas
Gozag
Hepliaklqana
Nemelex Xobeh
Qazlal
Ru
Sif Muna
Trog
Uskayaw
Vehumet
Yredelemnul
Zin
Beogh

Shops:
D:4 !   D:7 *   D:11 [   Orc:2 ***!   Shoals:1 =   Snake:1 %   Snake:4 [*![


Innate Abilities, Weirdness & Mutations

You do not eat.
You do not regenerate when monsters are visible.
You are frail without blood (-20% HP).
You are immune to poison.
You have razor-sharp teeth.
You have supernaturally acute eyesight. (SInv)
You are clumsy. (Dex -2)
((You can survive without breathing.))
You cannot study or use magical devices.
You are hated by all.
You cannot study or cast Air magic.
You cannot study or cast Hexes magic.
You cannot study or cast Summoning magic.
Your casting is slightly disrupted.
You are somewhat inexperienced. (-2 XL)


Message History

The alligator snapping turtle is lightly wounded.
You hit the alligator snapping turtle but do no damage.
The alligator snapping turtle is lightly wounded.
The alligator snapping turtle is stunned by your will and fails to attack.
You bite the alligator snapping turtle!
The alligator snapping turtle is lightly wounded.
The alligator snapping turtle bites you!!!
* * * LOW HITPOINT WARNING * * *
You bite the plant!
The plant is lightly damaged.
You bite the plant!
The plant is moderately damaged.
You maul the plant!!
The plant is severely damaged.
You bite the plant! You bite the plant, but do no damage.
The plant is almost destroyed.
You hit the plant. You bite the plant, but do no damage.
The plant is almost destroyed.
The alligator snapping turtle bites you from afar!!
You die...

≈≈≈≈≈≈≈≈≈≈≈≈≈≈....≈≈≈≈P≈≈≈..≈≈≈≈≈
≈≈≈≈≈≈≈≈≈≈≈.≈≈.....≈≈≈≈≈≈≈≈≈≈≈≈≈≈
≈≈≈≈≈≈≈≈≈≈≈≈≈....≈P..≈≈≈≈≈≈≈≈≈≈≈≈
≈≈≈≈≈≈≈≈≈≈≈≈≈..##.P.≈≈≈≈≈≈≈≈≈≈≈†.
≈≈≈≈≈≈≈≈≈≈≈≈≈..#..P.≈≈≈≈≈≈P≈≈....
≈≈≈≈≈≈≈≈≈≈≈≈≈≈.≈≈P≈≈≈≈≈≈≈≈≈≈≈....
≈≈≈≈≈≈≈≈≈≈≈≈≈≈P≈≈≈≈P≈P≈≈≈P≈≈≈....
≈≈≈≈≈≈≈≈≈≈≈≈≈≈t≈≈≈≈≈≈≈≈≈≈≈.......
≈≈≈≈≈≈≈≈≈≈≈≈P≈≈≈bP≈≈≈≈≈≈≈≈≈......
≈≈≈≈≈≈≈≈≈≈≈≈≈≈≈..≈≈≈≈≈≈≈≈≈≈......
≈≈≈≈≈≈≈≈≈≈≈≈≈≈≈≈≈≈≈≈≈≈≈≈.≈......
≈≈≈≈≈≈≈≈≈≈≈P≈≈≈≈≈≈≈≈≈≈..≈......
≈≈≈≈≈≈≈≈≈≈≈≈≈...≈≈≈≈≈≈≈≈......#
≈≈≈≈≈≈≈≈..≈≈..##.≈≈≈≈≈.........
≈≈≈≈≈≈†..#...###.P≈P≈..........
≈≈≈≈≈≈≈.###.## #...............
≈≈≈≈≈≈..# ### ##..≈..##..##...


You could see an alligator snapping turtle.

Vanquished Creatures
  Bai Suzhen (Snake:4)
  Vashnia (Snake:2)
  Rupert (D:15)
  9 nagarajas
  A fire giant (D:15)
  The ghost of Alarkh the Fencer, a journeyman DsCK of Xom (Snake:1)
  Aizul (Snake:2)
  The ghost of Lischi Imy the Unseen, an adept VSAs of Okawaru (Snake:2)
  A dire elephant (Lair:6)
  A minotaur (Gauntlet)
  Snorg (D:14)
  7 naga warriors
  A merfolk impaler (Shoals:1)
  Erolcha (Orc:2)
  A hell beast (Gauntlet)
  5 hydras
  A catoblepas (Lair:6)
  A death knight (D:12)
  6 centaur warriors (D:15)
  10 anacondas
  13 two-headed ogres
  7 death yaks
  3 ogre magi
  A deep troll shaman (Lair:6)
  19 naga sharpshooters
  5 shock serpents
  Sonja (D:12)
  Nergalle (D:10)
  2 salamander mystics
  A spectral anaconda (Snake:1)
  7 sea snakes (Shoals:1)
  2 deep trolls
  3 unseen horrors
  10 naga ritualists
  A lindwurm (shapeshifter) (D:15)
  3 harpies (Shoals:1)
  5 orc knights
  A necromancer (Gauntlet)
  2 ugly things (D:12)
  3 manticores
  10 mana vipers
  3 oklob plants (Lair:6)
  7 cyclopes
  10 salamanders
  A faun (Shoals:1)
  3 deep elf magi
  Joseph (D:9)
  3 merfolk sirens (Shoals:1)
  Maurice (D:8)
  3 torpor snails
  6 elephants (Lair:6)
  2 centaur zombies
  32 black mambas
  A water nymph (Shoals:1)
  8 guardian serpents
  12 naga magi
  7 centaur skeletons
  A gargoyle (D:7)
  3 rime drakes
  A freezing wraith (D:14)
  3 spiny frogs
  A redback zombie (D:14)
  An anaconda simulacrum (Snake:1)
  9 komodo dragons
  6 tyrant leeches (Lair:2)
  A queen bee (shapeshifter) (D:13)
  18 trolls
  Prince Ribbit (D:7)
  2 polar bears (Lair:6)
  A spectral guardian serpent (Snake:1)
  5 merfolk
  A harpy skeleton (D:15)
  11 hippogriffs
  2 snapping turtles (Shoals:1)
  9 dream sheep
  9 blink frogs
  A wraith (D:13)
  A shadow (D:14)
  2 wyverns
  25 yaks
  6 basilisks
  3 hungry ghosts
  14 vampire mosquitoes
  A steam dragon (Lair:5)
  2 wargs
  49 nagas
  4 swamp worms (Lair:2)
  An acid dragon (D:15)
  12 water moccasins
  14 porcupines
  A hell hound (Gauntlet)
  3 black bears
  22 orc warriors
  A phantom (D:8)
  4 sky beasts
  15 wolves
  25 ogres
  A black mamba simulacrum (Snake:1)
  8 centaurs
  2 big kobolds
  14 crocodiles
  3 hippogriff zombies (Shoals:1)
  22 bullfrogs
  2 wyvern zombies
  8 gnoll sergeants (Bailey)
  6 scorpions
  A wyvern skeleton (D:6)
  3 spectral nagas (Snake:1)
  12 wights
  7 killer bees
  A howler monkey (D:4)
  7 crimson imps
  2 bullfrog zombies
  A bullfrog skeleton (D:11)
  7 gnoll shamans
  17 orc wizards
  2 quasits
  15 orc priests
  11 hounds
  4 jellies
  Ijyb (D:4)
  Terence (D:3)
  7 worker ants
  2 hound skeletons
  2 worker ant zombies
  Robin (D:2)
  20 gnolls
  3 naga simulacra (Snake:1)
  15 adders
  7 shadow imps
  An ooze (D:3)
  An adder zombie (D:8)
  An adder skeleton (D:4)
  A worm (D:3)
  A dart slug (D:3)
  3 leopard geckos
  70 orcs
  2 ball pythons
  4 giant cockroaches
  2 gnoll zombies (D:6)
  12 goblins
  7 hobgoblins
  20 jackals
  12 kobolds
  5 quokkas
  7 bats
  4 frilled lizards
  A giant cockroach zombie (D:6)
  3 jackal skeletons
  A quokka skeleton (D:4)
  3 rats
  2 fungi
  6 plants
927 creatures vanquished.

Vanquished Creatures (others)
  A nagaraja (Snake:4)
  An ogre mage (Orc:2)
  A hydra (Lair:5)
  2 two-headed ogres
  Urug (D:12)
  An orc sorcerer (D:14)
  A manticore (Lair:3)
  A black mamba (Snake:2)
  A komodo dragon (Lair:4)
  A blink frog (Lair:4)
  3 yaks
  A naga (Snake:4)
  An orc warrior (Orc:2)
  2 porcupines (D:10)
  An ogre (D:9)
  A crocodile (Lair:2)
  A scorpion (D:5)
  An orc wizard (D:9)
  A leopard gecko (D:4)
  A quokka (D:8)
  18 demonic plants (Gauntlet)
  10 fungi
  13 plants
65 creatures vanquished.

Grand Total: 992 creatures vanquished

Notes
Turn   | Place    | Note
-------+----------+-------------------------------------------
     0 | D:1      | Amnesiac the Vampire Monk began the quest for the Orb.
     0 | D:1      | Reached XP level 1. HP: 17/17 MP: 1/1
   211 | D:1      | Reached skill level 4 in Unarmed Combat
   211 | D:1      | Reached XP level 2. HP: 23/23 MP: 2/2
   687 | D:3      | Found a shattered altar of Ashenzari.
   699 | D:3      | Reached XP level 3. HP: 28/28 MP: 3/3
   759 | D:4      | Reached skill level 5 in Unarmed Combat
   817 | D:4      | Found Qulief's Distillery.
   822 | D:4      | Bought a potion of curing for 39 gold pieces
   847 | D:4      | Reached XP level 4. HP: 34/34 MP: 4/4
  1116 | D:4      | Reached skill level 6 in Unarmed Combat
  1161 | D:4      | Found a staircase to the Ecumenical Temple.
  1247 | Temple   | Entered the Ecumenical Temple
  1253 | Temple   | Became a worshipper of Ru the Awakened
  1279 | D:4      | Gained mutation: You cannot study or use magical devices.
                  | [Ru sacrifice]
  1279 | D:4      | Reached * piety under Ru
  1279 | D:4      | Reached ** piety under Ru
  1579 | D:4      | Reached XP level 5. HP: 3/31 MP: 5/5
  1939 | D:2      | Noticed Robin
  1972 | D:2      | Killed Robin
  2295 | D:3      | Found a blossoming altar of Fedhas.
  2461 | D:3      | Noticed Terence
  2491 | D:3      | Killed Terence
  2491 | D:3      | Reached skill level 7 in Unarmed Combat
  3044 | D:3      | Reached XP level 6. HP: 33/36 MP: 6/6
  3045 | D:3      | Noticed a hippogriff
  3210 | D:4      | Noticed Ijyb
  3269 | D:4      | Killed Ijyb
  3348 | D:4      | Reached skill level 8 in Unarmed Combat
  3672 | D:4      | Noticed an orc warrior
  3793 | D:4      | Reached XP level 7. HP: 36/40 MP: 7/7
  3848 | D:5      | Entered Level 5 of the Dungeon
  3923 | D:5      | Found a transporter.
  3924 | D:5      | Found a transporter.
  3964 | D:5      | Reached skill level 9 in Unarmed Combat
  4224 | D:5      | Got a scorched rapier
  4398 | D:5      | Gained mutation: You are clumsy. (Dex -2) [Ru sacrifice]
  4398 | D:5      | Reached *** piety under Ru
  4451 | D:5      | Reached skill level 10 in Unarmed Combat
  4505 | D:5      | Found a hazy altar of Hepliaklqana.
  5162 | D:6      | Reached XP level 8. HP: 35/45 MP: 8/8
  5272 | D:6      | Reached skill level 11 in Unarmed Combat
  5614 | D:6      | Found a basalt altar of Yredelemnul.
  5865 | D:6      | Reached skill level 5 in Dodging
  5911 | D:7      | Noticed Prince Ribbit
  5930 | D:7      | Killed Prince Ribbit
  6230 | D:7      | Found Zin's Purification Station.
  6233 | D:7      | Found a glowing silver altar of Zin.
  6260 | D:7      | Noticed a gargoyle
  6333 | D:7      | Reached XP level 9. HP: 36/49 MP: 9/9
  6423 | D:7      | Identified a scroll of acquirement
  6424 | D:7      | Found the amulet of Vitality {Regen+ HP+15}
  6851 | D:8      | Gained mutation: You are somewhat inexperienced. (-2 XL)
                  | [Ru sacrifice]
  6851 | D:8      | Reached XP level 8. HP: 62/62 MP: 8/8
  6851 | D:8      | Reached XP level 7. HP: 56/56 MP: 7/7
  6851 | D:8      | Reached **** piety under Ru
  6851 | D:8      | Reached ***** piety under Ru
  6854 | D:8      | Noticed Maurice
  6866 | D:8      | Killed Maurice
  6934 | D:8      | Reached XP level 8. HP: 46/48 MP: 8/8
  7009 | D:8      | Reached skill level 5 in Fighting
  7036 | D:8      | Got a bloodstained dagger
  7524 | D:7      | Killed a gargoyle
  7724 | D:9      | Noticed a hippogriff
  7731 | D:9      | Killed a hippogriff
  7731 | D:9      | Reached XP level 9. HP: 57/57 MP: 3/9
  8287 | D:9      | Noticed Joseph
  8316 | D:9      | Killed Joseph
  8400 | D:9      | Reached XP level 10. HP: 66/66 MP: 10/10
  8424 | D:9      | Learned a level 2 spell: Passwall
  8427 | D:9      | Learned a level 2 spell: Swiftness
  8628 | D:9      | Found a shimmering blue altar of Sif Muna.
  8628 | D:9      | Found a sparkling altar of Nemelex Xobeh.
  8993 | D:10     | Entered Level 10 of the Dungeon
  9042 | D:10     | Found a staircase to the Lair.
  9046 | D:10     | Reached skill level 10 in Fighting
  9163 | D:10     | Gained mutation: You are hated by all. [Ru sacrifice]
  9244 | D:10     | Found a staircase to the Orcish Mines.
  9541 | D:10     | Noticed Nergalle
  9562 | D:10     | Killed Nergalle
  9877 | Orc:1    | Entered Level 1 of the Orcish Mines
  9934 | Orc:1    | Noticed an orc knight
 10070 | D:10     | Killed an orc knight
 10070 | D:10     | Reached skill level 10 in Dodging
 10221 | Orc:2    | Entered Level 2 of the Orcish Mines
 10221 | Orc:2    | Found a staircase to the Elven Halls.
 10221 | Orc:2    | Noticed Erolcha
 10238 | Orc:2    | Killed Erolcha
 10238 | Orc:2    | Reached XP level 11. HP: 74/74 MP: 11/11
 10433 | Orc:2    | Noticed a two-headed ogre
 10570 | Orc:1    | Killed a two-headed ogre
 10765 | Orc:2    | Noticed a two-headed ogre
 10801 | Orc:2    | Killed a two-headed ogre
 10818 | Orc:2    | Noticed an ogre mage
 10821 | Orc:2    | Noticed a two-headed ogre
 10951 | Orc:2    | Killed a two-headed ogre
 10951 | Orc:2    | Noticed a two-headed ogre
 10952 | Orc:2    | Noticed a two-headed ogre
 10953 | Orc:2    | Noticed a two-headed ogre
 10953 | Orc:2    | Noticed a two-headed ogre
 10960 | Orc:2    | Killed an ogre mage
 11032 | Orc:1    | Killed a two-headed ogre
 11092 | Orc:2    | Noticed an orc knight
 11226 | Orc:2    | Killed a two-headed ogre
 11231 | Orc:2    | Killed an orc knight
 11235 | Orc:2    | Killed a two-headed ogre
 11235 | Orc:2    | Reached XP level 12. HP: 69/80 MP: 3/12
 11238 | Orc:2    | Killed a two-headed ogre
 11513 | Orc:2    | Found Deitsixa's General Store.
 11521 | Orc:2    | Noticed a two-headed ogre
 11524 | Orc:2    | Noticed an ogre mage
 11663 | D:10     | Killed a two-headed ogre
 11734 | Orc:1    | Reached skill level 15 in Dodging
 11779 | Orc:2    | Killed an ogre mage
 11881 | Orc:2    | Found Huisya's Assorted Antiques.
 11884 | Orc:2    | Found Fufoasorho's Assorted Antiques.
 11894 | Orc:2    | Bought a viscous pink potion for 27 gold pieces
 11898 | Orc:2    | Found Alo Haro's Distillery.
 11901 | Orc:2    | Bought a brown potion for 27 gold pieces
 11901 | Orc:2    | Bought a scroll labeled ZOINIM RO KELO for 30 gold pieces
 11906 | Orc:2    | Bought a potion of degeneration for 16 gold pieces
 11906 | Orc:2    | Bought a potion of invisibility for 128 gold pieces
 12573 | Orc:2    | Gained mutation: Your casting is slightly disrupted. [Ru
                  | sacrifice]
 12586 | Orc:2    | Found a roughly hewn altar of Beogh.
 13099 | Lair:1   | Entered Level 1 of the Lair of Beasts
 14378 | Lair:2   | Gained mutation: You cannot study or cast Air magic. [Ru
                  | sacrifice]
 14378 | Lair:2   | Gained mutation: You cannot study or cast Hexes magic. [Ru
                  | sacrifice]
 14378 | Lair:2   | Gained mutation: You cannot study or cast Summoning magic.
                  | [Ru sacrifice]
 14378 | Lair:2   | Reached ****** piety under Ru
 14519 | Lair:2   | Got a jewelled plate armour
 14604 | Lair:2   | Noticed an eight-headed hydra
 14724 | Lair:2   | Killed an eight-headed hydra
 14924 | Lair:2   | Reached XP level 13. HP: 84/84 MP: 13/13
 15373 | Lair:2   | Got a glittering graven amulet
 15879 | Lair:3   | Found a staircase to the Shoals.
 16114 | Lair:3   | Identified the amulet "Cagunlae" {Gourm MR++} (You found it
                  | on level 2 of the Lair of Beasts)
 16141 | Lair:3   | Identified the +6 plate armour "Ryamosse" {rElec rPois
                  | Stlth+} (You found it on level 2 of the Lair of Beasts)
 16151 | Lair:3   | Got a scorched ivory ring
 16539 | Lair:3   | Found a runed translucent door.
 16860 | Lair:3   | Learned a level 4 spell: Passage of Golubria
 16871 | Lair:4   | Got a bronze leather armour
 17127 | Lair:4   | Found a staircase to the Snake Pit.
 17704 | Snake:1  | Entered Level 1 of the Snake Pit
 18009 | Lair:5   | Found a staircase to the Slime Pits.
 18508 | Lair:5   | Reached skill level 5 in Stealth
 18508 | Lair:5   | Reached skill level 12 in Unarmed Combat
 19282 | Lair:6   | Entered Level 6 of the Lair of Beasts
 19969 | Lair:6   | Reached XP level 14. HP: 91/91 MP: 5/14
 19973 | Lair:6   | Reached skill level 13 in Unarmed Combat
 21512 | D:11     | Found Ciruuss's Armour Shoppe.
 21579 | D:11     | Found a gate leading to a gauntlet.
 21588 | Gauntlet | Entered a Gauntlet
 21588 | Gauntlet | Found a transporter.
 21588 | Gauntlet | Found a transporter.
 21588 | Gauntlet | Found a transporter.
 21590 | Gauntlet | Found a transporter.
 21592 | Gauntlet | Found a transporter.
 21594 | Gauntlet | Found a large runed translucent door.
 21595 | Gauntlet | Found a large runed translucent door.
 21596 | Gauntlet | Found a large runed translucent door.
 21596 | Gauntlet | Found a large runed translucent door.
 21596 | Gauntlet | Found a runed translucent door.
 21597 | Gauntlet | Found a large runed translucent door.
 21603 | Gauntlet | Found a transporter.
 21609 | Gauntlet | Found a transporter.
 21611 | Gauntlet | Found a transporter.
 21619 | Gauntlet | Found a large runed translucent door.
 21620 | Gauntlet | Found a large runed translucent door.
 21621 | Gauntlet | Found a large runed translucent door.
 21622 | Gauntlet | Found a runed translucent gate.
 21624 | Gauntlet | Found a transporter.
 21628 | Gauntlet | Found a runed translucent gate.
 21628 | Gauntlet | Found a transporter.
 21629 | Gauntlet | Found a runed translucent gate.
 21629 | Gauntlet | Found a runed translucent door.
 21645 | Gauntlet | Found a transporter.
 21671 | Gauntlet | Found a transporter.
 21731 | Gauntlet | Found a large runed translucent door.
 21732 | Gauntlet | Found a large runed translucent door.
 21733 | Gauntlet | Found a large runed translucent door.
 21733 | Gauntlet | Found a large runed translucent door.
 21734 | Gauntlet | Found a large runed translucent door.
 21735 | Gauntlet | Found a large runed translucent door.
 21736 | Gauntlet | Found a large runed translucent door.
 21736 | Gauntlet | Found a large runed translucent door.
 21895 | Gauntlet | Reached skill level 14 in Unarmed Combat
 22022 | Gauntlet | Got a steaming helmet
 22187 | Gauntlet | Got a pair of shimmering gloves
 22304 | D:11     | Identified the +4 helmet of Insurance {rPois rF- Regen+}
                  | (You found it in a Gauntlet)
 22342 | D:11     | Identified the +1 pair of gloves "Micw" {rElec rN++ rCorr
                  | Str-2} (You found it in a Gauntlet)
 22343 | D:11     | Identified the ring "Tiuvy" {+Blink rN+ Slay+5 SInv} (You
                  | acquired it on level 3 of the Lair of Beasts)
 22441 | D:11     | Identified the +11 dagger of Megalomania {drain, *Drain rF+
                  | Str+7 Int+2} (You found it on level 8 of the Dungeon)
 23231 | D:12     | Noticed Urug
 23244 | D:12     | Killed Urug
 23377 | D:12     | Noticed Sonja
 23384 | D:12     | Killed Sonja
 23646 | D:12     | Reached skill level 15 in Unarmed Combat
 24403 | D:14     | Noticed Snorg
 24409 | D:14     | Killed Snorg
 24472 | D:14     | Found a flagged portal.
 24481 | D:14     | Got a smoking spear
 24782 | Bailey   | Entered a bailey
 24811 | Bailey   | Reached XP level 15. HP: 97/97 MP: 15/15
 25084 | Bailey   | Identified the Papyrus of the Creative Arsonist
 25377 | D:14     | Found a gate to the Vaults.
 25535 | D:15     | Entered Level 15 of the Dungeon
 25696 | D:15     | Noticed Rupert
 25700 | D:15     | Killed Rupert
 25773 | D:15     | Reached skill level 16 in Unarmed Combat
 25875 | D:15     | Noticed a fire giant
 25877 | D:15     | Found a staircase to the Depths.
 25885 | D:15     | Killed a fire giant
 25885 | D:15     | Reached skill level 10 in Stealth
 26957 | Snake:1  | Found a runed translucent gate.
 26958 | Snake:1  | Found a runed translucent gate.
 26959 | Snake:1  | Found a runed translucent gate.
 26960 | Snake:1  | Noticed Alarkh's ghost (journeyman DsCK)
 27655 | Snake:1  | Killed Alarkh's ghost
 27784 | Snake:1  | Found Wyvupt's Food Emporium.
 27834 | Snake:1  | Got a brightly glowing amber ring
 27903 | Snake:1  | Reached skill level 17 in Unarmed Combat
 28316 | Snake:2  | Got a transparent hand axe
 28449 | Snake:2  | Noticed Aizul
 28491 | Snake:2  | Killed Aizul
 28495 | Snake:2  | Noticed a nagaraja
 28623 | Snake:2  | Killed a nagaraja
 28785 | Snake:2  | Reached skill level 18 in Unarmed Combat
 28786 | Snake:2  | Reached XP level 16. HP: 105/105 MP: 7/16
 29200 | Snake:2  | Reached skill level 19 in Unarmed Combat
 29366 | Snake:2  | Found a runed translucent door.
 29367 | Snake:2  | Noticed Lischi Imy's ghost (adept VSAs)
 29499 | Snake:2  | Noticed Vashnia
 29512 | Snake:2  | Killed Vashnia
 29524 | Snake:2  | Reached skill level 20 in Unarmed Combat
 29605 | Snake:2  | Killed Lischi Imy's ghost
 30083 | Snake:3  | Reached skill level 21 in Unarmed Combat
 31130 | Snake:4  | Entered Level 4 of the Snake Pit
 31218 | Snake:4  | Found Opepes's Distillery.
 31222 | Snake:4  | Found Sesumn's Assorted Antiques.
 31226 | Snake:4  | Bought a potion of heal wounds for 80 gold pieces
 31251 | Snake:4  | Found Nygat's Armour Shop.
 31978 | Snake:4  | Reached XP level 17. HP: 94/111 MP: 17/17
 32291 | Snake:4  | Noticed Bai Suzhen
 32305 | Snake:4  | Killed Bai Suzhen
 32559 | Snake:4  | Reached skill level 15 in Fighting
 33189 | Snake:4  | Got a serpentine rune of Zot
 33311 | Snake:4  | Found Saerele's Antique Armour Emporium.
 33319 | Snake:4  | Bought a pair of runed boots for 232 gold pieces
 33319 | Snake:4  | Bought a pair of runed gloves for 232 gold pieces
 33319 | Snake:4  | Bought the +3 robe of Clouds {+Thunder rCloud rElec} for
                  | 920 gold pieces
 33319 | Snake:4  | Found the +3 robe of Clouds {+Thunder rCloud rElec}
 33319 | Snake:4  | Bought a runed shield for 232 gold pieces
 33529 | Snake:4  | Identified the cursed ring of Vos Poph {AC-2 Dex+2} (You
                  | found it on level 1 of the Snake Pit)
 33705 | Shoals:1 | Entered Level 1 of the Shoals
 34054 | Shoals:1 | Found Icvuicua's Jewellery Emporium.
 34416 | Shoals:1 | Learned a level 2 spell: Blink
 34420 | Shoals:1 | Learned a level 3 spell: Regeneration
 34466 | Shoals:1 | Reached skill level 15 in Stealth
 34605 | Shoals:1 | Slain by an alligator snapping turtle

Skill      XL: |  1  2  3  4  5  6  7  8  9 10 11 12 13 14 15 16 17 |
---------------+----------------------------------------------------+-----
Unarmed Combat | 4 5 6 7 8 10 11 12 15 18 21 | 21.6
Dodging        | 9 8 10 14 17 18 | 18.0
Fighting       | 4 7 9 11 12 13 14 15 | 15.7
Stealth        | 7 8 11 12 15 | 15.1

Action                   |  1- 3 |  4- 6 |  7- 9 | 10-12 | 13-15 | 16-18 || total
-------------------------+-------+-------+-------+-------+-------+-------++-------
Melee: Unarmed           |    98 |   256 |   496 |   768 |  1793 |   786 ||  4197
       Bite              |    11 |    26 |    66 |   128 |   318 |   127 ||   676
Invok: Sacrifice Artific |       |     1 |       |       |       |       ||     1
       Sacrifice Purity  |       |       |     1 |       |       |       ||     1
       Sacrifice Experie |       |       |     1 |       |       |       ||     1
       Power Leap        |       |       |     6 |    15 |    49 |     6 ||    76
       Apocalypse        |       |       |     1 |     3 |     9 |     6 ||    19
       Sacrifice Love    |       |       |       |     1 |       |       ||     1
       Sacrifice Essence |       |       |       |     1 |       |       ||     1
       Sacrifice Arcana  |       |       |       |     1 |       |       ||     1
       Draw Out Power    |       |       |       |       |     1 |       ||     1
 Abil: Evoke Berserk Rag |     1 |     1 |       |       |       |       ||     2
       Bat Form          |       |     1 |       |       |     2 |     1 ||     4
       Exsanguinate      |       |     1 |       |       |       |       ||     1
       End Transformatio |       |       |       |       |     2 |     1 ||     3
  Use: Scroll            |     3 |       |    12 |     2 |    11 |     6 ||    34
       Potion            |       |       |     3 |     1 |     1 |       ||     5
 Stab: Sleeping          |     6 |    10 |    22 |    18 |    42 |    21 ||   119
       Distracted        |       |     4 |     3 |     8 |    21 |    18 ||    54
       Invisible         |       |       |     2 |    11 |    27 |     9 ||    49
       Paralysed         |       |       |     4 |    35 |    33 |    26 ||    98
       Petrified         |       |       |       |       |     8 |       ||     8
       Petrifying        |       |       |       |       |     1 |       ||     1
Armor: Robe              |    18 |     2 |       |       |       |       ||    20
Dodge: Dodged            |    87 |   179 |   352 |   832 |  1812 |   578 ||  3840
